PAAA
ATHLETIC CLUB KC RESERVES @ PLYMOUTH ROCKS
06/26/2028
 
TOP OF THE 1ST
Athletic Club KC Reserves batting - Pitching for Plymouth Rocks : RHP Armando Marrero
Pitching: RHP Armando Marrero
Batting: RHB Filip Huigen 0-0: Foul Ball, location: 2F
0-1: Ball
1-1: Ball
2-1: Ball
3-1: Ground out U3 (Groundball, 34)
Batting: RHB Chris Teague 0-0: Ground out 1-3 (Groundball, 15)
Batting: LHB Chris Hill 0-0: Ball
1-0: Ball
2-0: Ball
3-0: Base on Balls
Batting: RHB Richard Younger 0-0: Called Strike
0-1: Ball
1-1: Swinging Strike
1-2: SINGLE (Groundball, 56S) (infield hit)
Chris Hill to second
Batting: LHB Ben Fleming 0-0: Ball
1-0: Fielders Choice at 2nd, 6-4 (Groundball, 6)
Top of the 1st over - 0 run(s), 1 hit(s), 0 error(s), 1 left on base; Athletic Club KC 0 - Plymouth 0
BOTTOM OF THE 1ST
Plymouth Rocks batting - Pitching for Athletic Club KC Reserves : LHP Phil Hanson
Pitching: LHP Phil Hanson
Batting: LHB José Castillo 0-0: Called Strike
0-1: Ball
1-1: Bunt missed!
1-2: Ball
2-2: Ball
3-2: Base on Balls
Batting: RHB Chris Teague 0-0: Called Strike
0-1: Ball
1-1: Ball
2-1: Ball
3-1: Fly out, F7 (Flyball, 7LMF)
Batting: SHB Roku Hara 0-0: Ball
1-0: Called Strike
1-1: Ball
2-1: Ball
3-1: Fly out, F8 (Flyball, 8RM)
Batting: RHB Casey Cavell 0-0: Ball
1-0: Ball
José Castillo steals 2nd base
2-0: Ball
3-0: Base on Balls
Batting: LHB Ned Durand 0-0: Ball
1-0: Ball
2-0: Ball
3-0: Called Strike
3-1: Base on Balls
José Castillo to third
Casey Cavell to second
Batting: RHB Pedro Morales 0-0: Called Strike
0-1: Ball
1-1: Swinging Strike
1-2: Strikes out looking
Bottom of the 1st over - 0 run(s), 0 hit(s), 0 error(s), 3 left on base; Athletic Club KC 0 - Plymouth 0
TOP OF THE 2ND
Athletic Club KC Reserves batting - Pitching for Plymouth Rocks : RHP Armando Marrero
Batting: RHB Iván Chacón 0-0: Called Strike
0-1: Foul Ball, location: 2F
0-2: Ball
1-2: Ball
2-2: Foul Ball, location: 2F
2-2: Ground out 6-3 (Groundball, 6)
Batting: LHB Enrique Miranda 0-0: Ball
1-0: Fly out, F7 (Flyball, 7)
Batting: RHB Geoff Rivers 0-0: Swinging Strike
0-1: Foul Ball, location: 2F
0-2: Ball
1-2: Strikes out swinging
Top of the 2nd over - 0 run(s), 0 hit(s), 0 error(s), 0 left on base; Athletic Club KC 0 - Plymouth 0
BOTTOM OF THE 2ND
Plymouth Rocks batting - Pitching for Athletic Club KC Reserves : LHP Phil Hanson
Batting: SHB Melito Báez 0-0: Ball
1-0: Fly out, F9 (Flyball, 89M)
Batting: RHB Clarence Fox 0-0: Ground out 5-3 (Groundball, 56)
Batting: RHB Andrew Weeks 0-0: Called Strike
0-1: DOUBLE (Line Drive, 5D)
Batting: LHB José Castillo 0-0: Foul Ball, location: 2F
0-1: Ball
1-1: Ball
2-1: Foul Ball, location: 2F
2-2: Foul Ball, location: 2F
2-2: Ball
3-2: Foul Ball, location: 2F
3-2: DOUBLE (Line Drive, 9LM)
Andrew Weeks scores
Batting: RHB Chris Teague 0-0: Ball
1-0: Swinging Strike
1-1: Ball
2-1: Swinging Strike
2-2: Ball
3-2: Base on Balls
Batting: SHB Roku Hara 0-0: Foul Ball, location: 2F
0-1: Called Strike
0-2: Strikes out swinging
Bottom of the 2nd over - 1 run(s), 2 hit(s), 0 error(s), 2 left on base; Athletic Club KC 0 - Plymouth 1
TOP OF THE 3RD
Athletic Club KC Reserves batting - Pitching for Plymouth Rocks : RHP Armando Marrero
Batting: RHB Altifício Azor 0-0: Called Strike
0-1: Ball
1-1: Ball
2-1: Swinging Strike
2-2: Ground out 3-1 (Groundball, 34)
Batting: RHB Filip Huigen 0-0: Ball
1-0: Called Strike
1-1: Ground out 1-3 (Groundball, 15S)
Batting: RHB Chris Teague 0-0: Called Strike
0-1: Ground out 5-3 (Groundball, 56S)
Top of the 3rd over - 0 run(s), 0 hit(s), 0 error(s), 0 left on base; Athletic Club KC 0 - Plymouth 1
BOTTOM OF THE 3RD
Plymouth Rocks batting - Pitching for Athletic Club KC Reserves : LHP Phil Hanson
Batting: RHB Casey Cavell 0-0: Foul Ball, location: 2F
0-1: Ball
1-1: Ball
2-1: Foul Ball, location: 2F
2-2: Ground out 5-3 (Groundball, 5)
Batting: LHB Ned Durand 0-0: Ground out 4-3 (Groundball, 34)
Batting: RHB Pedro Morales 0-0: Called Strike
0-1: Swinging Strike
0-2: Ball
1-2: Strikes out swinging
Bottom of the 3rd over - 0 run(s), 0 hit(s), 0 error(s), 0 left on base; Athletic Club KC 0 - Plymouth 1
TOP OF THE 4TH
Athletic Club KC Reserves batting - Pitching for Plymouth Rocks : RHP Armando Marrero
Batting: LHB Chris Hill 0-0: Fly out, F8 (Flyball, 8LM)
Batting: RHB Richard Younger 0-0: Ball
1-0: Ball
2-0: Ball
3-0: Called Strike
3-1: Fly out, F9 (Flyball, 89M)
Batting: LHB Ben Fleming 0-0: Called Strike
0-1: Ground out 1-3 (Groundball, P)
Top of the 4th over - 0 run(s), 0 hit(s), 0 error(s), 0 left on base; Athletic Club KC 0 - Plymouth 1
BOTTOM OF THE 4TH
Plymouth Rocks batting - Pitching for Athletic Club KC Reserves : LHP Phil Hanson
Batting: SHB Melito Báez 0-0: Called Strike
0-1: Ground out 6-3 (Groundball, 6)
Batting: RHB Clarence Fox 0-0: Ball
1-0: Ball
2-0: Fly out, F9 (Flyball, 9S)
Batting: RHB Andrew Weeks 0-0: Ball
1-0: Ball
2-0: SINGLE (Groundball, 3D)
Batting: LHB José Castillo 0-0: Ball
1-0: Foul Ball, location: 2F
1-1: Ball
2-1: Ball
3-1: Fly out, F7 (Flyball, 7S)
Bottom of the 4th over - 0 run(s), 1 hit(s), 0 error(s), 1 left on base; Athletic Club KC 0 - Plymouth 1
TOP OF THE 5TH
Athletic Club KC Reserves batting - Pitching for Plymouth Rocks : RHP Armando Marrero
Batting: RHB Iván Chacón 0-0: Called Strike
0-1: Foul Ball, location: 2F
0-2: Strikes out swinging
Batting: LHB Enrique Miranda 0-0: Ground out 4-3 (Groundball, 4S)
Batting: RHB Geoff Rivers 0-0: Ball
1-0: Ball
2-0: Ball
3-0: Called Strike
3-1: Foul Ball, location: 2F
3-2: Strikes out swinging
Top of the 5th over - 0 run(s), 0 hit(s), 0 error(s), 0 left on base; Athletic Club KC 0 - Plymouth 1
BOTTOM OF THE 5TH
Plymouth Rocks batting - Pitching for Athletic Club KC Reserves : LHP Phil Hanson
Batting: RHB Chris Teague 0-0: Called Strike
0-1: Foul Ball, location: 2F
0-2: Foul Ball, location: 2F
0-2: Fly out, F4 (Flyball, 34D)
Batting: SHB Roku Hara 0-0: Ball
1-0: Called Strike
1-1: DOUBLE (Flyball, 9D)
Batting: RHB Casey Cavell 0-0: Intentional Walk
Batting: LHB Ned Durand 0-0: Fly out, F6 (Popup, 6D)
Batting: RHB Pedro Morales 0-0: Ball
1-0: Called Strike
1-1: Ball
2-1: Called Strike
2-2: Ball
3-2: Foul Ball, location: 2F
3-2: Base on Balls
Roku Hara to third
Casey Cavell to second
Batting: SHB Melito Báez 0-0: DOUBLE (Line Drive, 7LM)
Roku Hara scores
Casey Cavell scores
Pedro Morales to third
Runner from 3rd tries for Home, SAFE, no throw
Batting: RHB Clarence Fox 0-0: DOUBLE (Flyball, 7D)
Melito Báez scores
Batting: RHB Andrew Weeks 0-0: Ball
1-0: Swinging Strike
1-1: Foul Ball, location: 2F
1-2: Ball
2-2: Strikes out looking
Bottom of the 5th over - 4 run(s), 3 hit(s), 0 error(s), 1 left on base; Athletic Club KC 0 - Plymouth 5
TOP OF THE 6TH
Athletic Club KC Reserves batting - Pitching for Plymouth Rocks : RHP Armando Marrero
Batting: RHB Altifício Azor 0-0: Ball
1-0: Called Strike
1-1: Foul Ball, location: 2F
1-2: Strikes out looking
Batting: RHB Filip Huigen 0-0: Ball
1-0: Called Strike
1-1: Ball
2-1: Ground out 4-3 (Groundball, 4)
Batting: RHB Chris Teague 0-0: Called Strike
0-1: Fly out, F7 (Line Drive, 7)
Top of the 6th over - 0 run(s), 0 hit(s), 0 error(s), 0 left on base; Athletic Club KC 0 - Plymouth 5
BOTTOM OF THE 6TH
Plymouth Rocks batting - Pitching for Athletic Club KC Reserves : LHP Phil Hanson
Pitching: LHP Xavier Navarro
Batting: LHB José Castillo 0-0: Called Strike
0-1: Swinging Strike
0-2: Ball
1-2: Ball
2-2: Foul Ball, location: 2F
2-2: Ball
3-2: Foul Ball, location: 2F
3-2: Base on Balls
Batting: RHB Chris Teague 0-0: Called Strike
0-1: Called Strike
0-2: Foul Ball, location: 2F
0-2: Ball
1-2: SINGLE (Groundball, 4D)
José Castillo to second
Runner from 2nd tries for 3rd, SAFE, no throw
Batting: SHB Roku Hara 0-0: Ball
1-0: Ball
2-0: Foul Ball, location: 2F
2-1: Called Strike
2-2: Ball
3-2: Base on Balls
Chris Teague to second
Batting: RHB Casey Cavell 0-0: Called Strike
0-1: Ball
1-1: Ball
2-1: Swinging Strike
2-2: Ball
3-2: Base on Balls
José Castillo scores
Chris Teague to third
Roku Hara to second
Batting: LHB Ned Durand 0-0: Ball
1-0: Fly out, F7 (Flyball, 78M)
Runner from 3rd tags up, OUT at HOME
Roku Hara to third
Casey Cavell to second
Batting: RHB Pedro Morales 0-0: Ball
1-0: Ball
2-0: 3-RUN HOME RUN (Flyball, 9LD), Distance : 339 ft
Pitching: LHP Salbatore Alejos
Batting: SHB Melito Báez 0-0: Ball
1-0: Ball
2-0: SOLO HOME RUN (Flyball, 7D), Distance : 426 ft
Batting: RHB Clarence Fox 0-0: Ball
1-0: Ball
2-0: Ball
3-0: Base on Balls
Batting: RHB Andrew Weeks 0-0: Foul Ball, location: 2F
0-1: Ball
1-1: Called Strike
1-2: Ball
2-2: Ball
3-2: Fly out, F9 (Flyball, 9D)
Bottom of the 6th over - 5 run(s), 3 hit(s), 0 error(s), 1 left on base; Athletic Club KC 0 - Plymouth 10
TOP OF THE 7TH
Athletic Club KC Reserves batting - Pitching for Plymouth Rocks : RHP Armando Marrero
Batting: LHB Chris Hill 0-0: Ball
1-0: Called Strike
1-1: Called Strike
1-2: Reached on error, E4 (Groundball, 4D)
Batting: RHB Richard Younger 0-0: Ball
1-0: Ball
2-0: Foul Ball, location: 2F
2-1: Swinging Strike
2-2: Foul Ball, location: 2F
2-2: Fielders Choice at 2nd, 6-4 (Groundball, 6)
Batting: LHB Ben Fleming 0-0: Ball
Richard Younger steals 2nd base
1-0: Foul Ball, location: 2F
1-1: SINGLE (Groundball, 34D)
Richard Younger to third
Runner from 3rd tries for Home, SAFE, no throw
Batting: RHB Iván Chacón 0-0: Ball
1-0: Foul Ball, location: 2F
1-1: Ball
2-1: SINGLE (Groundball, 56S) (infield hit)
Ben Fleming to second
Batting: LHB Enrique Miranda 0-0: Called Strike
0-1: Foul Ball, location: 2F
0-2: Ball
1-2: Ball
2-2: SINGLE (Groundball, 4D)
Ben Fleming to third
Iván Chacón to second
Runner from 3rd tries for Home, SAFE, throw made home
Iván Chacón to third
Enrique Miranda to second
Batting: RHB Geoff Rivers 0-0: Ball
1-0: Foul Ball, location: 2F
1-1: Called Strike
1-2: Foul Ball, location: 2F
1-2: Fly out, F9 (Line Drive, 9D)
Runner from 3rd tags up, SCORES, no throw
Batting: RHB Altifício Azor 0-0: Ball
1-0: Ball
2-0: Called Strike
2-1: Foul Ball, location: 2F
2-2: Ball
3-2: Foul Ball, location: 2F
3-2: Fly out, F7 (Flyball, 7)
Top of the 7th over - 3 run(s), 3 hit(s), 1 error(s), 1 left on base; Athletic Club KC 3 - Plymouth 10
BOTTOM OF THE 7TH
Plymouth Rocks batting - Pitching for Athletic Club KC Reserves : LHP Salbatore Alejos
Batting: LHB José Castillo 0-0: Called Strike
0-1: Foul Ball, location: 2F
0-2: Ball
1-2: Foul Ball, location: 2F
1-2: SINGLE (Groundball, 34D)
Batting: RHB Chris Teague 0-0: Called Strike
Throwing error on steal attempt, E2
José Castillo to third
0-1: Foul Ball, location: 2F
0-2: Ball
1-2: Ball
2-2: Ball
3-2: Base on Balls
Batting: SHB Roku Hara 0-0: Called Strike
0-1: Ball
1-1: Ball
2-1: Grounds into double play, 1-4-3 (Groundball, 15S)
Batting: RHB Casey Cavell 0-0: Ball
1-0: Called Strike
1-1: Foul Ball, location: 2F
1-2: Foul Ball, location: 2F
1-2: Strikes out looking
Bottom of the 7th over - 0 run(s), 1 hit(s), 1 error(s), 1 left on base; Athletic Club KC 3 - Plymouth 10
TOP OF THE 8TH
Athletic Club KC Reserves batting - Pitching for Plymouth Rocks : RHP Armando Marrero
Now at C: Ken Fulton
Batting: RHB Filip Huigen 0-0: Ball
1-0: Ball
2-0: Ball
3-0: Base on Balls
Pitching: LHP Roberto Aguirre
Batting: RHB Chris Teague 0-0: Called Strike
0-1: Called Strike
0-2: Ball
1-2: Ball
2-2: Grounds into double play, 6-4-3 (Groundball, 6)
Batting: LHB Chris Hill 0-0: Swinging Strike
0-1: Ball
1-1: Ball
2-1: Ground out U3 (Groundball, 34)
Top of the 8th over - 0 run(s), 0 hit(s), 0 error(s), 0 left on base; Athletic Club KC 3 - Plymouth 10
BOTTOM OF THE 8TH
Plymouth Rocks batting - Pitching for Athletic Club KC Reserves : LHP Salbatore Alejos
Batting: LHB Ned Durand 0-0: Ball
1-0: Ball
2-0: Foul Ball, location: 2F
2-1: Swinging Strike
2-2: Foul Ball, location: 2F
2-2: SINGLE (Line Drive, 3D)
Batting: RHB Pedro Morales 0-0: Ball
1-0: Called Strike
1-1: Foul Ball, location: 2F
1-2: Ball
2-2: Foul Ball, location: 2F
2-2: Grounds into double play, 4-6-3 (Groundball, 4)
Pinch Hitting: RHB Hubert Dodson 0-0: Called Strike
0-1: Foul Ball, location: 2F
0-2: Ball
1-2: Foul Ball, location: 2F
1-2: Ball
2-2: Foul Ball, location: 2F
2-2: Ground out 5-3 (Groundball, 5L)
Bottom of the 8th over - 0 run(s), 1 hit(s), 0 error(s), 0 left on base; Athletic Club KC 3 - Plymouth 10
TOP OF THE 9TH
Athletic Club KC Reserves batting - Pitching for Plymouth Rocks : LHP Roberto Aguirre
Now at 2B: Hubert Dodson
Now at 3B: Kent Roberts
Batting: RHB Richard Younger 0-0: Called Strike
0-1: Swinging Strike
0-2: Ground out 1-3 (Groundball, P)
Batting: LHB Ben Fleming 0-0: Foul Ball, location: 2F
0-1: Ball
1-1: Foul Ball, location: 2F
1-2: Ball
2-2: Ground out 4-3 (Groundball, 4)
Batting: RHB Iván Chacón 0-0: Ball
1-0: Ball
2-0: Ball
3-0: Called Strike
3-1: Base on Balls
Batting: LHB Enrique Miranda 0-0: Ball
1-0: Ball
2-0: Fly out, F9 (Line Drive, 9)
Top of the 9th over - 0 run(s), 0 hit(s), 0 error(s), 1 left on base; Athletic Club KC 3 - Plymouth 10
Wednesday, July 26th, 2017 - OOTP Baseball 17.12 Build 75